 Dungeon Crawl Stone Soup version 0.24.0-41-g2ae2f7f1be (webtiles) character file.

Game seed: 12183868085157939081, levelgen mode: deterministic

3173 H0rd4k the Thaumaturge (level 9, -1/48 HPs)
             Began as a Deep Elf Wizard on Dec 12, 2019.
             Slain by a five-headed hydra (11 damage)
             ... on level 8 of the Dungeon.
             The game lasted 00:26:16 (8156 turns).

H0rd4k the Thaumaturge (Deep Elf Wizard)            Turns: 8156, Time: 00:26:18

Health: -1/48      AC:  6    Str:  4    XL:     9   Next: 63%
Magic:  37/42      EV: 14    Int: 34    God:
Gold:   245        SH:  0    Dex: 13    Spells: 24/33 levels left

rFire    . . .     SeeInvis .   K - staff of power
rCold    + . .     Gourm    .   (no shield)
rNeg     . . .     Faith    .   e - +0 robe of the Trees {*Drain rPois rC+ Int+7}
rPois    +         Spirit   .   b - +1 hat
rElec    .         Reflect  .   D - +2 cloak {+Inv}
rCorr    .         Harm     .   (no gloves)
MR       +....                  (no boots)
Stlth    +++.......             h - amulet of rage
HPRegen  0.16/turn              m - ring of protection from magic
MPRegen  0.28/turn              u - ring of wizardry

@: no status effects
A: no striking features
a: Evoke Berserk Rage, Evoke Invisibility


You were on level 8 of the Dungeon.
You were very hungry.

You visited 1 branch of the dungeon, and saw 9 of its levels.

You collected 364 gold pieces.
You spent 119 gold pieces at shops.

Inventory:

Hand Weapons
 L - the +10 zealot's sword {holy, *Rage rN+ EV+3}
   (You found it on level 7 of the Dungeon)

   It has been blessed by the Shining One to cause great damage to the undead
   and demons.
   It affects your evasion (+3).
   It protects you from negative energy.
   It may make you go berserk in combat.
Missiles
 j - 3 curare-tipped darts (quivered)
 x - 12 poisoned darts
Armour
 a - a +0 robe
 b - a +1 hat (worn)
 e - the +0 robe of the Trees (worn) {*Drain rPois rC+ Int+7}
   (You bought it in a shop on level 5 of the Dungeon)

   It affects your intelligence (+7).
   It protects you from cold.
   It protects you from poison.
   It causes draining when unequipped.
 D - a +2 cloak of invisibility (worn)
Magical Staves
 K - an uncursed staff of power (weapon)
Jewellery
 h - an amulet of rage (around neck)
 m - a ring of protection from magic (left hand)
 r - an uncursed ring of flight
 u - a ring of wizardry (right hand)
 F - an uncursed ring of fire
Wands
 i - a wand of flame (16)
 y - a wand of iceblast (5)
 B - a wand of paralysis (7)
 C - a wand of scattershot (10)
 H - a wand of digging (2)
Scrolls
 l - 4 scrolls of magic mapping
 z - 2 scrolls of teleportation
Potions
 f - 5 potions of lignification
 g - 4 potions of curing
 k - 4 potions of might
 o - a potion of flight
 p - 2 potions of agility
 q - a potion of mutation
 t - a potion of haste
 v - a potion of degeneration
 w - 2 potions of invisibility
 E - a potion of berserk rage {unknown}
 G - 3 potions of resistance
 I - a potion of magic
 J - 2 potions of brilliance
Comestibles
 d - 13 rations


   Skills:
 + Level 1.7 Fighting
 + Level 4.1 Dodging
 + Level 4.1 Stealth
 + Level 12.5 Spellcasting
 + Level 8.8 Conjurations
   Level 1.1 Summonings
 + Level 1.8 Translocations
 + Level 2.1 Fire Magic
 + Level 0.9 Air Magic
 + Level 1.2 Poison Magic
 + Level 0.5 Evocations


You had 24 spell levels left.
You knew the following spells:

 Your Spells              Type           Power        Failure   Level  Hunger
a - Magic Dart            Conj           ####         1%          1    None
b - Blink                 Tloc           N/A          1%          2    None
c - Conjure Flame         Conj/Fire      ######..     1%          3    None
d - Mephitic Cloud        Conj/Pois/Air  #####...     1%          3    None

Your spell library contained the following spells:

 Spells                   Type           Power        Failure   Level  Hunger
 Call Imp                 Summ           ####....     1%          2    None
 Slow                     Hex            ###.....     1%          2    None


Dungeon Overview and Level Annotations

Branches:
Dungeon (9/15)             Temple (0/1) D:4
   Lair: D:8-11         Orc: D:9-12

Altars:
Ashenzari
Trog
Xom

Shops:
D:5 %!*[

Annotations:
D:2 exclusion: 2 downstairs
D:4 exclusion: 2 downstairs
D:5 exclusions: downstairs and slave
D:6 3 runed translucent doors, diiiiiane's ghost, novice OpAs
D:7 2 transporters, happy's ghost, novice OgWn


Message History

Found a quarterstaff.
Casting: Magic Dart (safe; 1% risk of failure)
Confirm with . or Enter, or press ? or * to list all spells.
Aiming: Conjure Flame (safe; 1% risk of failure)
Press: ? - help, Dir - move target cursor The fire ignites!
Casting: Conjure Flame (safe; 1% risk of failure)
Confirm with . or Enter, or press ? or * to list all spells.
You don't know that spell.
Casting: Conjure Flame (safe; 1% risk of failure)
Confirm with . or Enter, or press ? or * to list all spells.
Aiming: Conjure Flame (safe; 1% risk of failure)
Press: ? - help, Dir - move target cursor The fire ignites!
The five-headed hydra is engulfed in blazing flames. x2
The five-headed hydra bites you. The five-headed hydra misses you.
The five-headed hydra bites you. The five-headed hydra bites you!
* * * LOW HITPOINT WARNING * * *
The five-headed hydra bites you!
You die...

#.≈##### #..#...# ..≈'.#
...#...# ..≈##### ###
...≈######.##
............#
....>#.#############
.....#........§D@..#
.....#.#.#....###..).#
.....#.#.###....###....#
.....#.....###....###....
.....#.D.....###.... #..
.....#..#.#... ##.. #
######..#.###. # #.....
#.../ .


You could see a five-headed hydra.

Vanquished Creatures
  Pikel (D:5)
  Prince Ribbit (D:7)
  Edmund (D:6)
  4 ice beasts
  2 phantoms
  An orc warrior (D:7)
  2 ogres
  2 centaurs
  A bullfrog (D:7)
  2 gnoll sergeants (D:5)
  A scorpion (D:5)
  A howler monkey (D:4)
  2 crimson imps (D:5)
  A quasit (D:8)
  A hound (D:6)
  5 orc priests
  2 jellies (D:8)
  An orc wizard (D:5)
  A bullfrog skeleton (D:7)
  Terence (D:2)
  Jessica (D:3)
  Natasha (thrice) (D:3)
  10 worker ants
  Ijyb (D:5)
  A hound zombie (D:7)
  A hound skeleton (D:5)
  A worker ant zombie (D:6)
  11 gnolls
  3 adders
  A howler monkey skeleton (D:9)
  A shadow imp (D:9)
  7 oozes
  5 adder skeletons
  3 worms
  5 dart slugs
  3 leopard geckos
  12 orcs
  2 ball pythons
  5 giant cockroaches
  8 goblins
  8 hobgoblins
  22 jackals
  6 kobolds
  3 quokkas
  A bat (D:3)
  4 frilled lizards
  A jackal skeleton (D:4)
  A leopard gecko zombie (D:6)
  2 quokka skeletons
  7 rats
172 creatures vanquished.

Vanquished Creatures (others)
  An adder (D:5)
  2 withered plants (D:6)
3 creatures vanquished.

Grand Total: 175 creatures vanquished

Notes
Turn   | Place    | Note
-------+----------+-------------------------------------------
     0 | D:1      | H0rd4k the Deep Elf Wizard began the quest for the Orb.
     0 | D:1      | Reached XP level 1. HP: 10/10 MP: 7/7
    79 | D:1      | Reached skill level 5 in Spellcasting
    79 | D:1      | Reached XP level 2. HP: 15/15 MP: 2/10
  1064 | D:2      | Reached XP level 3. HP: 19/19 MP: 6/12
  1068 | D:2      | Learned a level 2 spell: Blink
  1072 | D:2      | Learned a level 3 spell: Conjure Flame
  1076 | D:2      | Learned a level 3 spell: Mephitic Cloud
  1260 | D:2      | Reached skill level 6 in Spellcasting
  1364 | D:2      | Found a shattered altar of Ashenzari.
  1763 | D:2      | Reached XP level 4. HP: 24/24 MP: 2/14
  2016 | D:3      | Noticed Natasha
  2016 | D:3      | Noticed Jessica
  2054 | D:3      | Noticed Terence
  2275 | D:2      | Killed Terence
  2331 | D:3      | Reached skill level 7 in Spellcasting
  2467 | D:2      | Reached XP level 5. HP: 20/28 MP: 3/16
  2700 | D:3      | Killed Jessica
  2708 | D:3      | Killed Natasha
  2726 | D:3      | Noticed Natasha
  2732 | D:3      | Killed Natasha
  2771 | D:3      | Noticed Natasha
  2785 | D:3      | Killed Natasha
  2785 | D:3      | Reached XP level 6. HP: 21/32 MP: 8/18
  3333 | D:4      | Found a staircase to the Ecumenical Temple.
  3493 | D:4      | Reached skill level 8 in Spellcasting
  3950 | D:5      | Entered Level 5 of the Dungeon
  3953 | D:5      | Reached XP level 7. HP: 37/37 MP: 18/21
  4026 | D:5      | Reached skill level 9 in Spellcasting
  4064 | D:5      | Reached skill level 5 in Conjurations
  4427 | D:5      | Found Kokh's Antique Armour Emporium.
  4436 | D:5      | Bought a silken robe for 119 gold pieces
  4447 | D:5      | Identified the +0 robe of the Trees {*Drain rPois rC+
                  | Int+7} (You bought it in a shop on level 5 of the Dungeon)
  4538 | D:5      | Noticed Ijyb
  4563 | D:5      | Found Decut's Assorted Antiques.
  4626 | D:5      | Reached skill level 10 in Spellcasting
  4880 | D:5      | Reached XP level 8. HP: 42/42 MP: 12/24
  4987 | D:5      | Killed Ijyb
  5226 | D:5      | Noticed Pikel
  5302 | D:5      | Found Vuysme Xungi's Food Shoppe.
  5455 | D:5      | Found Oppomuts's Distillery.
  5655 | D:5      | Killed Pikel
  5655 | D:5      | Reached skill level 11 in Spellcasting
  5655 | D:5      | Reached skill level 1 in Fire Magic
  6154 | D:5      | Reached skill level 1 in Fighting
  6154 | D:5      | Reached XP level 9. HP: 33/47 MP: 12/26
  6381 | D:6      | Noticed Edmund
  6395 | D:6      | Killed Edmund
  6472 | D:6      | Found a runed translucent gate.
  6472 | D:6      | Found a runed translucent gate.
  6472 | D:6      | Found a runed translucent gate.
  6473 | D:6      | Noticed diiiiiane's ghost (novice OpAs)
  6473 | D:6      | Noticed diiiiiane's ghost (novice OpAs)
  6580 | D:6      | Reached skill level 1 in Poison Magic
  7264 | D:7      | Reached skill level 12 in Spellcasting
  7290 | D:7      | Found a shimmering altar of Xom.
  7355 | D:7      | Noticed a moth of wrath
  7364 | D:7      | Found a bloodstained altar of Trog.
  7366 | D:7      | Noticed happy's ghost (novice OgWn)
  7371 | D:7      | Found a transporter.
  7373 | D:7      | Identified the cursed +10 giant club of the Depths {holy,
                  | rC++ MR++ Str-2}
  7373 | D:7      | Noticed a two-headed ogre
  7383 | D:7      | Found a transporter.
  7738 | D:7      | Noticed Prince Ribbit
  7753 | D:7      | Killed Prince Ribbit
  7941 | D:7      | Found the +10 zealot's sword {holy, *Rage rN+ EV+3}
  8012 | D:8      | You fall into a shaft and drop 1 floor!
  8100 | D:8      | Noticed a five-headed hydra
  8156 | D:8      | Slain by a five-headed hydra

Levels and vault maps discovered:
D:1:      wander_arrival_lonely_grave, layout_basic, serial_rivers,
          chequers_serial_rivers_micro_c, chequers_serial_rivers_micro_d,
          chequers_serial_rivers_small_b, chequers_serial_rivers_room_b,
          chequers_serial_rivers_micro_e, minmay_liquid_box, minmay_pentomino_r2
D:2:      layout_basic, nicolae_ashenzari_panopticon, first_ration
D:3:      layout_rooms, uniq_natasha, uniq_jessica, uniq_terence
D:4:      layout_cave_pools, minmay_temple_entry_grid
D:5:      layout_basic, serial_shops, nicolae_shop_trees, kennysheep_little_box,
          shop_fountains, nicolae_shop_statue_plus, uniq_ijyb, uniq_pikel
D:6:      layout_basic, gammafunk_ghost_cemetery, uniq_edmund
D:7:      layout_loops_cross, lemuel_doored_altar,
          gammafunk_ghost_wrathful_warriors, minmay_misc_feat_roman,
          minmay_holes, uniq_prince_ribbit1
D:8:      minmay_tri_box, layout_rooms, enter_bailey_4,
          hangedman_little_slice_of_home, chequers_serial_rivers_small_b,
          hangedman_abyss_or_decor_passed, trog_hazing_becter, uniq_maurice
D:9:      layout_rooms, erik_lair_dragon, david_orc_2

Skill      XL: |  1  2  3  4  5  6  7  8  9 |
---------------+----------------------------+-----
Spellcasting   | 5 6 7 8 10 11 12 | 12.5
Dodging        | 3 4 |  4.1
Conjurations   | 2 3 4 5 7 8 |  8.8
Stealth        | 3 4 |  4.1
Fire Magic     | 1 2 |  2.1
Fighting       | 1 |  1.7
Poison Magic   | 1 |  1.2
Summonings     | |  1.1
Translocations | |  1.8
Air Magic      | |  0.9
Evocations     | |  0.5

Action                   |  1- 3 |  4- 6 |  7- 9 || total
-------------------------+-------+-------+-------++-------
Melee: Unarmed           |       |     1 |       ||     1
 Cast: Magic Dart        |   115 |   161 |   345 ||   621
       Blink             |       |     3 |    10 ||    13
       Conjure Flame     |       |     4 |    27 ||    31
       Mephitic Cloud    |       |     1 |    13 ||    14
Evoke: Wand              |       |       |     5 ||     5
  Use: Scroll            |       |    11 |     8 ||    19
       Potion            |       |       |     2 ||     2
  Eat: Chunk             |     1 |     7 |     9 ||    17
       Ration            |       |       |     1 ||     1
Armor: Robe              |     2 |     2 |    11 ||    15
Dodge: Dodged            |    15 |    26 |    69 ||   110
